Map: Cerulean Fall LE

Players

Odin

  • Race: Terran Terran
  • League: Gold
  • Spawn Location: 7:00

keyser - Winner!

  • Race: Terran Terran
  • League: Gold
  • Spawn Location: 1:00

VOD

Have the link to the VOD?

Description

Time

  • Played on: Dec. 7, 2018, 4:01 a.m.
  • Length: 16:58
Show
View Real Time Build Order
Export as new Build Order

Odin Terran 

Build Orders:  

Get SALT Encoding   

  12  0:04  SCV  
  13  0:16  Supply Depot  
  13  0:20  SCV  
  14  0:29  Supply Depot  
  14  0:41  Barracks  
  14  0:45  SCV  
  15  0:58  Refinery  
  15  1:03  SCV  
  16  1:09  Refinery  
  16  1:20  SCV  
  17  1:30  Barracks  
  17  1:35  Orbital Command  
  17  1:42  Reaper  
  18  2:01  SCV  
  19  2:13  SCV  
  20  2:25  SCV  
  20  2:28  Barracks Tech Lab, Factory, Barracks Reactor  
  21  2:37  SCV  
  22  2:49  SCV  
  23  3:01  SCV  
  24  3:07  Marine x2  
  24  3:09  Marauder  
  28  3:13  SCV  
  28  3:14  Starport  
  28  3:15  Factory Tech Lab  
  29  3:25  SCV  
  29  3:26  Marine  
  31  3:31  Marine  
  31  3:33  Supply Depot  
  32  3:43  Armory  
  32  4:03  Barracks Reactor  
  32  4:07  Marauder  
  34  4:15  Widow Mine x2, Supply Depot  
  34  4:16  Banshee  
  41  4:50  Marine, Marauder  
  41  4:51  Marine  
  44  5:33  Widow Mine x2  
  48  5:36  Marine  
  48  5:37  Marine  
  48  5:38  Marauder  
  49  5:48  Starport Reactor  
  49  5:53  Factory  
  49  6:02  Widow Mine x2, Command Center  
  53  6:12  Armory  
  53  6:24  Widow Mine  
  55  6:30  Widow Mine  
  57  6:33  Supply Depot  
  57  6:35  Marauder  
  57  6:36  Supply Depot  
  57  6:37  Medivac x2  
  63  6:44  Marine x2  
  65  7:00  Widow Mine x2  
  69  7:15  Orbital Command  
  69  7:27  Refinery  
  69  7:30  Refinery  
  69  7:38  Drilling Claws  
  69  7:41  Hellion x2  
  69  7:44  Medivac x2  
  75  7:49  Stimpack  
  77  7:55  Terran Vehicle Weapons Level 1  
  77  7:57  Terran Vehicle And Ship Armor Level 1  
  77  8:07  SCV  
  77  8:08  SCV  
  79  8:19  SCV  
  80  8:20  SCV  
  80  8:22  Engineering Bay  
  81  8:32  SCV  
  82  8:39  Hellion x2  
  86  8:42  Cyclone  
  89  8:55  Factory  
  89  9:06  Factory  
  89  9:09  Starport Tech Lab  
  89  9:19  Cyclone  
  89  9:22  Widow Mine x2  
  96  9:40  Factory Tech Lab  
  96  9:50  Combat Shield, Hellion x2  
  96  9:51  Infernal Pre-Igniter  
  100  9:56  Command Center  
  100  10:00  Mag-Field Accelerator  
  100  10:22  Sensor Tower  
  100  10:38  Supply Depot  
  100  10:41  Supply Depot  
  96  11:09  Hellion x2  
  100  11:13  Thor  
  100  11:15  Terran Vehicle Weapons Level 2, Terran Vehicle And Ship Armor Level 2  
  106  11:19  Hi-Sec Auto Tracking  
  106  11:20  Orbital Command  
  106  11:23  Refinery  
  106  11:47  SCV  
  106  11:48  SCV x2  
  109  12:00  SCV x3  
  112  12:12  SCV x3  
  115  12:16  Rapid Reignition System  
  115  12:17  Raven  
  117  12:24  SCV x3  
  120  12:36  SCV x3  
  123  12:55  Thor  
  123  12:57  Siege Tank  
  132  13:05  Supply Depot x2  
  132  13:32  Thor  
  138  13:36  Hellion x4  
  138  13:39  Hellion  
  148  13:50  SCV  
  148  13:52  Refinery  
  149  14:01  Supply Depot  
  149  14:02  Supply Depot  
  149  14:03  Supply Depot x2  
  149  14:05  Terran Vehicle Weapons Level 3, Terran Vehicle And Ship Armor Level 3  
  149  14:23  SCV x2, Hellion x3, Terran Infantry Weapons Level 1  
  157  14:39  Command Center  
  157  14:41  Thor x2  
  52  15:59  Thor  
  52  16:02  Hellion x5  
  62  16:24  Hellion x5  
Show
View Real Time Build Order
Export as new Build Order

keyser Terran - Winner!

Build Orders:  

Get SALT Encoding   

  12  0:00  SCV  
  13  0:16  Supply Depot  
  13  0:17  SCV  
  14  0:29  SCV  
  15  0:38  Barracks  
  15  0:43  Refinery  
  15  0:45  SCV  
  16  0:58  SCV  
  17  1:10  SCV  
  18  1:22  SCV  
  18  1:23  Refinery  
  19  1:26  Marine, Supply Depot  
  20  1:37  Orbital Command  
  20  1:52  Marine, Factory  
  21  2:02  SCV  
  22  2:10  Supply Depot  
  22  2:12  Marine  
  22  2:14  SCV  
  24  2:26  SCV  
  25  2:30  Barracks Tech Lab  
  25  2:37  Starport  
  25  2:39  Hellion  
  27  2:48  SCV  
  28  2:54  Marine  
  29  3:18  Factory Tech Lab  
  29  3:21  Barracks  
  29  3:24  Barracks Reactor  
  29  3:25  Raven  
  31  3:32  Command Center  
  31  3:50  SCV  
  31  3:55  Supply Depot  
  32  3:58  Supply Depot  
  32  4:02  SCV, Siege Tank  
  36  4:04  Marine x2  
  38  4:16  Barracks Tech Lab  
  38  4:18  Barracks  
  38  4:24  Raven  
  38  4:28  SCV  
  41  4:32  Marine x2  
  43  4:40  SCV  
  43  4:44  Supply Depot  
  44  4:50  Marine x2  
  46  5:08  Marine  
  47  5:32  Orbital Command  
  47  5:33  SCV  
  48  5:40  Starport Reactor  
  48  5:41  Refinery, Stimpack  
  48  5:42  Combat Shield  
  48  5:45  SCV  
  49  5:57  SCV  
  50  6:10  SCV x2  
  52  6:17  Engineering Bay  
  52  6:20  Siege Tank  
  52  6:22  SCV x2  
  52  6:24  Medivac x2  
  61  6:27  Starport  
  61  6:30  Marine x2, Marauder  
  65  6:34  SCV  
  65  6:39  Marauder  
  68  6:46  Refinery  
  68  6:47  Marine x2  
  68  6:49  SCV x2  
  68  6:51  Marine  
  73  6:55  Supply Depot  
  73  6:56  Supply Depot  
  73  6:58  Supply Depot  
  73  7:00  Marine, Missile Turret  
  73  7:01  Concussive Shells, SCV x2, Supply Depot  
  76  7:10  Sensor Tower  
  76  7:14  SCV  
  76  7:15  SCV  
  78  7:18  Marine, Marauder x2  
  78  7:21  Starport Tech Lab  
  83  7:27  SCV  
  84  7:36  Medivac x2  
  88  7:39  Marauder  
  90  7:58  Command Center  
  90  8:01  Siege Tank  
  93  8:05  Medivac  
  93  8:06  Medivac  
  97  8:14  Supply Depot  
  97  8:33  Terran Infantry Weapons Level 1  
  97  8:35  Viking  
  97  8:36  Viking  
  97  8:37  Armory  
  101  8:44  Fusion Core  
  101  8:48  Liberator x2  
  101  8:50  Starport Reactor  
  101  9:09  Supply Depot  
  107  9:10  Supply Depot  
  107  9:11  Supply Depot  
  107  9:14  Supply Depot  
  107  9:24  Siege Tank  
  110  9:28  Marine x4  
  114  9:46  Marine x4  
  118  10:04  Marine x4  
  122  10:13  Sensor Tower  
  122  10:14  Planetary Fortress  
  122  10:16  SCV  
  122  10:17  SCV  
  124  10:21  Marine  
  124  10:22  Marine x2  
  127  10:29  SCV x2  
  127  10:31  Viking x2, Starport  
  127  10:32  Viking x2  
  137  10:41  SCV x2  
  139  10:43  Refinery  
  139  10:44  Marauder x2  
  139  10:45  Marine x2  
  139  10:48  Refinery, Siege Tank  
  146  11:03  Marine x2  
  148  11:05  Marine x2  
  150  11:12  Battlecruiser  
  156  11:20  Marine, Siege Tank  
  156  11:21  Marine  
  161  11:27  SCV  
  161  11:28  SCV x2  
  164  11:39  SCV  
  165  11:43  Liberator x2  
  165  11:45  Supply Depot x2  
  165  11:47  Supply Depot  
  165  11:48  Supply Depot  
  165  11:50  Advanced Ballistics, Supply Depot  
  165  12:00  SCV x2  
  173  12:13  SCV  
  174  12:19  Weapon Refit  
  174  12:30  Starport  
  174  13:01  Liberator  
  174  13:10  Battlecruiser x3  
  192  13:13  Marine  
  192  13:14  Marine x4  
  200  13:39  Terran Vehicle Weapons Level 1  
  200  13:40  Terran Infantry Weapons Level 2, Command Center  
  200  13:45  Armory  
  109  16:02  Marine x3  
  109  16:03  Marine x2  
  132  16:20  Marine x4  
  132  16:21  Marine  
  137  16:38  Marine x5  
Tags
 
League
GoldGold
Matchup
TvT
Race
Terran
Spawn Locations
Cross Positions
Add a new tag
Caveats
  • Supply blocks, unpowered buildings, or Contaminate may cause inaccurate times.
  • Supply counts are checked every 10 seconds.